 Dungeon Crawl Stone Soup version 0.30.1-4-g462c640d31 (webtiles) character file.

Game seed: 5288113212303360654

226892 spardeous the Spry (level 18, -2/144 HPs)
             Began as a Demigod Conjurer on Aug 31, 2023.
             Killed from afar by a fire dragon (9 damage)
             ... with a blast of flame
             ... on level 4 of the Depths on Sept 1, 2023.
             The game lasted 01:45:21 (53290 turns).

spardeous the Spry (Demigod Conjurer)              Turns: 53290, Time: 01:45:22

Health: -2/144     AC: 30    Str: 11    XL:     18   Next: 2%
Magic:  43/51      EV: 22    Int: 36    God:
Gold:   685        SH: 13    Dex: 16    Spells: 23/47 levels left

rFire   + + .        t - +3 Elemental Staff {rElec rF+ rC+ AC+3}
rCold   + + +        l - +2 kite shield {AC+3}
rNeg    + . .        S - quicksilver dragon scales of Bequeathed Creativity {rC++ rN+ Will+ Str-4 Int+2}
rPois   +            M - +3 crown of Dyrovepreva {rElec Int+2 SInv}
rElec   +            N - +0 cloak
rCorr   +            W - +1 pair of gloves
SInv    +            a - +0 pair of boots "Alolus" {+Inv MP+9}
Will    ++...        G - amulet "Roat" {RegenMP rPois rC+ Str-3}
Stlth   +            n - +5 ring of evasion
HPRegen 0.44/turn    Z - ring "Petzici" {Fly rF+ rCorr Str-2 Int+4}
MPRegen 0.72/turn

%: no passive effects
@: flayed, flying
A: high MP 1, forlorn, divine attributes
}: 1/15 runes: serpentine
a: Evoke Invisibility


You were on level 4 of the Depths.
You visited 5 branches of the dungeon, and saw 29 of its levels.
You also visited: Sewer, Ossuary and Ice Cave.

You collected 3868 gold pieces.
You spent 3183 gold pieces at shops.

Inventory:

Hand Weapons
 d - the +10 morningstar "Eos" {elec, Halo rElec}
   (You found it on level 5 of the Lair of Beasts)

   Halo:      It grants its wielder a halo, revealing invisible creatures and
   increasing accuracy against all within it other than the wielder.
   rElec:     It insulates you from electricity.
 t - the +3 Elemental Staff (weapon) {rElec rF+ rC+ AC+3}
   (You acquired it on level 3 of the Snake Pit)

   It enhances your fire, ice, earth and air magic.
   AC:        It affects your AC (+3).
   rF:        It protects you from fire.
   rC:        It protects you from cold.
   rElec:     It insulates you from electricity.
Missiles
 h - a throwing net
Armour
 a - the +0 pair of boots "Alolus" (worn) {+Inv MP+9}
   (You bought it in a shop on level 4 of the Dungeon)

   MP:        It affects your magic capacity (+9).
   +Inv:      It lets you turn invisible.
 l - a +2 kite shield of protection (worn)
 M - the +3 crown of Dyrovepreva (worn) {rElec Int+2 SInv}
   (You acquired it on level 3 of the Snake Pit)

   Int:       It affects your intelligence (+2).
   rElec:     It insulates you from electricity.
   SInv:      It lets you see invisible.
 N - a +0 cloak (worn)
 O - the +1 chain mail of the Land of Plenty {rF++ Dex-2}
   (You found it on level 5 of the Dungeon)

   Dex:       It affects your dexterity (-2).
   rF:        It greatly protects you from fire.
 S - the quicksilver dragon scales of Bequeathed Creativity (worn) {rC++ rN+ Will+ Str-4 Int+2}
   (You found it on level 12 of the Dungeon)

   Str:       It affects your strength (-4).
   Int:       It affects your intelligence (+2).
   rC:        It greatly protects you from cold.
   rN:        It protects you from negative energy.
   Will:      It increases your willpower.
 T - a +1 pair of gloves of hurling
 W - a +1 pair of gloves (worn)
Jewellery
 j - a ring of wizardry
 n - a +5 ring of evasion (left hand)
 G - the amulet "Roat" (around neck) {RegenMP rPois rC+ Str-3}
   (You found it in an ice cave)

   [amulet of magic regeneration]

   It increases your rate of magic regeneration.
   Str:       It affects your strength (-3).
   rC:        It protects you from cold.
   rPois:     It protects you from poison.
 L - a ring of positive energy
 Z - the ring "Petzici" (right hand) {Fly rF+ rCorr Str-2 Int+4}
   (You bought it in a shop on level 1 of the Snake Pit)

   [ring of protection from fire]

   Str:       It affects your strength (-2).
   Int:       It affects your intelligence (+4).
   rF:        It protects you from fire.
   Fly:       It grants you flight.
   rCorr:     It protects you from acid and corrosion.
Wands
 o - a wand of polymorph (7)
 w - a wand of digging (16)
 D - a wand of mindburst (23)
 I - a wand of acid (13)
 R - a wand of flame (87)
 V - a wand of charming (5)
 X - a wand of iceblast (16)
Scrolls
 c - a scroll of magic mapping
 g - 6 scrolls of amnesia
 p - 3 scrolls of poison
 q - 13 scrolls of teleportation
 r - 4 scrolls of enchant armour
 s - 2 scrolls of vulnerability
 x - 2 scrolls of fear
 y - 6 scrolls of summoning
 z - 4 scrolls of enchant weapon
 F - a scroll of blinking
 H - 6 scrolls of identify
 K - 5 scrolls of fog
 P - a scroll of acquirement
Potions
 b - 2 potions of magic
 e - 7 potions of haste
 f - 5 potions of lignification
 i - 3 potions of curing
 k - 2 potions of resistance
 m - 3 potions of flight
 u - 5 potions of attraction
 v - 3 potions of cancellation
 A - 7 potions of invisibility
 B - 4 potions of might
 C - 10 potions of brilliance
 J - 2 potions of ambrosia
 Q - 2 potions of berserk rage
 U - 5 potions of mutation
 Y - 3 potions of heal wounds
Miscellaneous
 E - a phial of floods


   Skills:
 - Level 8.9 Fighting
 - Level 15.2 Armour
 - Level 15.8 Dodging
 - Level 1.7 Stealth
 + Level 9.2 Shields
 - Level 15.0 Spellcasting
 - Level 12.2 Conjurations
 - Level 7.0 Translocations
 - Level 6.3 Transmutations
 - Level 7.2 Earth Magic


You had 23 spell levels left.
You knew the following spells:

 Your Spells              Type           Power      Damage    Failure   Level
a - Magic Dart            Conj           100%       1d8       1%          1
b - Fulminant Prism       Conj/Hex       31%        3d16      6%          4
c - Iskenderun's Mystic   Conj/Tloc      77%        2d15      1%          4
d - Statue Form           Tmut/Erth      56%        N/A       56%         6
i - Iskenderun's Battles  Conj           86%        2d13      1%          5
x - Manifold Assault      Tloc           67%        N/A       3%          4

Your spell library contained the following spells:

 Spells                   Type           Power      Damage    Failure   Level
 Beastly Appendage        Tmut           100%       N/A       1%          1
 Kiss of Death            Conj/Necr      100%       2d13      1%          1
 Shock                    Conj/Air       100%       1d9       1%          1
 Blink                    Tloc           100%       N/A       1%          2
 Lesser Beckoning         Tloc           100%       N/A       1%          2
 Momentum Strike          Conj/Tloc      100%       3d10      1%          2
 Searing Ray              Conj           100%       2d8       1%          2
 Wereblood                Tmut           64%        N/A       1%          2
 Dazzling Flash           Conj/Hex       100%       N/A       1%          3
 Teleport Other           Tloc           67%        N/A       1%          3
 Passage of Golubria      Tloc           67%        N/A       3%          4
 Volatile Blastmotes      Fire/Tloc      100%       2d18      4%          3
 Petrify                  Tmut/Erth      85%        N/A       4%          4
 Spider Form              Tmut/Pois      50%        N/A       6%          3
 Sublimation of Blood     Necr           27%        N/A       11%         2
 Fireball                 Conj/Fire      41%        3d17      16%         5
 Confusing Touch          Hex            27%        N/A       22%         3
 Frozen Ramparts          Ice            80%        1d13      22%         3
 Swiftness                Air            40%        N/A       22%         3
 Tukima's Dance           Hex            27%        N/A       22%         3
 Orb of Destruction       Conj           43%        9d12      36%         7
 Yara's Violent Unravell  Hex/Tmut       25%        3d11      47%         5
 Airstrike                Air            20%        2d(3-19)  56%         4
 Cause Fear               Hex            13%        N/A       56%         4
 Dispel Undead            Necr           27%        3d13      56%         4
 Conjure Ball Lightning   Conj/Air       41%        3x3d13    65%         6
 Starburst                Conj/Fire      41%        6d12      65%         6
 Metabolic Englaciation   Hex/Ice        20%        N/A       89%         5
 Dragon Form              Tmut           32%        N/A       99%         7
 Malign Gateway           Summ/Tloc      25%        N/A       100%        7
 Storm Form               Tmut/Air       33%        N/A       100%        7
 Summon Hydra             Summ           13%        N/A       100%        7
 Summon Horrible Things   Summ           13%        N/A       100%        8
 Dragon's Call            Summ           13%        N/A       100%        9


Dungeon Overview and Level Annotations

Branches:
Dungeon (15/15)            Temple (0/1) D:5            Lair (5/5) D:9
 Shoals (0/4) Lair:3        Snake (4/4) Lair:2        Slime (0/5) Lair:5
    Orc (2/2) D:12            Elf (0/3) Orc:2        Vaults (0/5) D:14
 Depths (2/4) D:15          Sewer (visited)         Ossuary (visited)
  IceCv (visited)

Shops:
D:4 :![*   D:5 *   D:7 *   D:11 ?(?   Orc:1 [   Orc:2 ([*=?   Snake:1 ::=:

Portals:
Hell: Depths:1 Depths:2
Pandemonium: Depths:2
Ziggurat: Depths:1

Annotations:
Depths:2 3 runed translucent doors


Innate Abilities, Weirdness & Mutations

You have an increased reservoir of magic. (+10% MP)
You shall have no god before yourself.
Your divine heritage dramatically boosts your attributes as you level up.


Message History

Unknown command.
Casting: Iskenderun's Mystic Blast (mildly dangerous; 1% risk of failure)
Confirm with . or Enter, or press ? or * to list all spells.
You erupt in a blast of force!
The mystic blast hits the flayed ghost!
The flayed ghost is lightly damaged.
The flayed ghost is knocked back by the mystic blast.
The mystic blast hits the spriggan air mage!
The spriggan air mage is lightly wounded.
The spriggan air mage is knocked back by the mystic blast.
The mystic blast hits the ettin!
The ettin is severely wounded.
The ettin is knocked back by the mystic blast.
The fire giant points at you and mumbles some strange words.
The bolt of fire hits you! You resist.
* * * LOW HITPOINT WARNING * * *
A fire dragon comes into view.
You take 12 damage, and have 49/144 hp.
You now have 41/51 mp.
Unknown command.
The spriggan air mage gestures at you while chanting.
The bolt of lightning hits you! You resist.
* * * LOW HITPOINT WARNING * * *
The fire giant gestures at you while chanting.
The fireball explodes!
The fireball engulfs you! You resist.
* * * LOW HITPOINT WARNING * * *
A fire dragon comes into view.
You take 16 damage, and have 33/144 hp.
Found a flail.
You block the flayed ghost's attack.
There is a stone staircase leading up here.
The fire giant gestures at you while chanting.
The bolt of fire hits you! You resist.
* * * LOW HITPOINT WARNING * * *
The flayed ghost stares at you with tortured malice.
Terrible wounds spread across more of your body!
* * * LOW HITPOINT WARNING * * *
The spriggan air mage waves its arms in wide circles.
The air twists around and strikes you!
* * * LOW HITPOINT WARNING * * *
The fire dragon breathes flames at you. The blast of flame hits you!
You resist.
You die...

~*,,,*~**,* ~*,,,*~**,*
~*,,,*~##.** ~*,,,*~#...* *##
***** ~*,,,*~#...* ##.## **,,,***
~*,,,*~#...### #...# *,,,,,,**
***+***#...#.###...##*****,,,,,,*
*~,,,~*#............#.#.**,,,,,,,
*~,∩,~*#...i...C@.......,,,,,,,,,
*~,,,~*#..$..#...W.....),,,,,,,,,
**~~~**#.....#.C.....D..,,,,,,,,,
******#...........D....,,,,,,,,,
#.......#...........,,,,,,,,,
*#.......##..........,,,,,,,,, *
**........#####.##....,,,,,,,,,
***,......?..*,,,.......,,,,,,,,,
**,,..§§.....,,,,,,.,,,,,********


You could see a fire giant, 2 fire dragons, an ettin, a flayed ghost and a
spriggan air mage (repels missiles).

Vanquished Creatures
  Josephina (Depths:2)
  Saint Roka (Depths:1)
  A golden dragon (IceCv)
  the Enchantress (Depths:2)
  Kirke (Lair:5)
  5 nagarajas (Snake:4)
  A frost giant (Depths:1)
  A daeva (Depths:2)
  A fire giant (Depths:1)
  An angel (Depths:2)
  3 spriggan defenders (Depths:2)
  4 stone giants
  6 very ugly things (Depths:1)
  Nessos (Lair:3)
  Azrael (Snake:1)
  4 spark wasps (Depths:2)
  The ghost of Wiggles the Severer, a journeyman MiBe of Trog (D:12)
  5 ettins
  4 jiangshi (Depths:1)
  5 fire dragons
  9 ice dragons
  Harold (D:9)
  2 hell beasts
  2 salamander tyrants
  6 spriggan air magi
  Erolcha (Orc:1)
  3 ogre magi
  A juggernaut simulacrum (Depths:1)
  The ghost of turdburglar the Fighter, a journeyman DsTm of Ashenzari (D:9)
  6 hydras
  Erica (D:8)
  6 centaur warriors
  10 anacondas
  6 boulder beetles
  24 two-headed ogres
  4 deep troll shamans
  4 deep troll earth magi (Depths:1)
  7 hell hogs
  9 naga warriors
  13 shock serpents
  3 tengu warriors
  2 vampire magi (Depths:1)
  Urug (D:14)
  6 spriggan berserkers
  Sonja (D:12)
  Nergalle (D:11)
  6 iron trolls
  4 sun demons (Depths:1)
  13 naga sharpshooters
  A skeletal warrior (D:14)
  3 hell knights (Depths:1)
  A fire crab (Lair:5)
  10 salamander mystics
  A sea snake (Snake:1)
  18 deep trolls
  7 naga ritualists
  A flayed ghost (Depths:2)
  7 harpies
  An oklob plant (Lair:1)
  5 mana vipers
  An orange crystal statue (IceCv)
  A necromancer (Depths:1)
  A golden dragon skeleton (Depths:1)
  A manticore (shapeshifter) (D:14)
  6 ugly things
  2 manticores
  2 cyclopes (Orc:2)
  A fire giant skeleton (Depths:1)
  26 salamanders
  6 elephants
  Joseph (D:7)
  An ice statue (D:12)
  5 guardian serpents
  3 molten gargoyles
  5 gargoyles
  11 naga magi
  2 smoke demons (Depths:1)
  45 black mambas
  7 cane toads
  4 storm dragon simulacra (IceCv)
  An unseen horror (D:11)
  15 komodo dragons
  4 kobold demonologists
  A yaktaur (D:12)
  A tengu conjurer (Depths:2)
  10 trolls
  3 golden dragon simulacra (IceCv)
  2 polar bears
  An ettin zombie (Depths:1)
  A sphinx simulacrum (Depths:2)
  2 hornets (Depths:2)
  Prince Ribbit (D:8)
  18 blink frogs
  3 slime creatures (D:15)
  3 spriggans (Depths:2)
  A wyvern (Lair:5)
  A shadow (D:8)
  2 fire elementals
  3 hogs (Lair:5)
  31 yaks
  10 basilisks
  A wraith (D:10)
  16 humans (D:14)
  2 steam dragons
  9 vampire mosquitoes
  A warg (Depths:1)
  4 acid dragons
  Menkaure (D:7)
  37 nagas
  15 water moccasins
  8 hell hounds
  18 orc warriors
  2 sky beasts (D:7)
  22 ogres
  2 black bears
  8 ice dragon simulacra (IceCv)
  A centaur (D:8)
  7 wolves (Lair:1)
  3 phantoms
  5 elf zombies (Ossuary)
  6 kobold brigands
  11 bullfrogs
  2 gnoll sergeants
  5 scorpions
  A human simulacrum (Depths:2)
  8 wights (D:9)
  15 killer bees
  6 lindwurm simulacra (IceCv)
  2 troll zombies (D:12)
  4 electric eels
  5 howler monkeys
  5 lava snakes (Lair:5)
  Crazy Yiuf (D:7)
  A gnoll bouda (D:6)
  2 hounds
  12 jellies
  18 orc priests
  Jessica (D:2)
  5 iguanas
  19 orc wizards
  A sleepcap (D:7)
  6 ogre zombies (D:12)
  5 hound zombies (Ossuary)
  3 mummies (Ossuary)
  8 adders
  3 gnolls (D:7)
  4 river rats (Sewer)
  A shadow imp (D:6)
  A white imp (D:7)
  An ufetubus (D:4)
  4 adder zombies (Ossuary)
  4 worms
  63 orcs
  4 bats
  7 endoplasms
  7 giant cockroaches
  8 goblins
  7 hobgoblins
  12 jackals
  2 quokkas (D:2)
  3 training dummies (Orc:2)
  20 ball pythons
  12 frilled lizards
  2 gnoll zombies (Ossuary)
  8 goblin zombies
  A hobgoblin skeleton (D:12)
  6 hobgoblin zombies
  2 jackal zombies (Ossuary)
  17 kobolds
  3 kobold zombies (Ossuary)
  An orc skeleton (D:12)
  16 orc zombies
  4 quokka zombies (Ossuary)
  27 rats
  4 rat zombies (Ossuary)
1069 creatures vanquished.

Vanquished Creatures (others)
  2 frost giant simulacra (Depths:2)
  A naga (Snake:1)
  36 fulminant prisms
39 creatures vanquished.

Grand Total: 1108 creatures vanquished

Notes
Turn   | Place    | Note
-------+----------+-------------------------------------------
     0 | D:1      | spardeous the Demigod Conjurer began the quest for the Orb.
     0 | D:1      | Reached XP level 1. HP: 14/14 MP: 5/5
   647 | D:1      | Reached XP level 2. HP: 20/20 MP: 3/7
  1342 | D:1      | Learned a level 2 spell: Searing Ray
  1470 | D:2      | Noticed Jessica
  1475 | D:2      | Killed Jessica
  1476 | D:2      | Reached XP level 3. HP: 26/26 MP: 3/9
  2374 | D:2      | Reached XP level 4. HP: 33/33 MP: 9/11
  2614 | D:3      | Learned a level 4 spell: Iskenderun's Mystic Blast
  3873 | D:4      | Reached XP level 5. HP: 38/38 MP: 10/13
  3905 | D:4      | Reached skill level 5 in Conjurations
  3936 | D:4      | Found Jefoulav's Assorted Antiques.
  3982 | D:4      | Found a glowing drain.
  4093 | Sewer    | Entered a sewer
  4307 | Sewer    | Reached XP level 6. HP: 33/45 MP: 1/15
  5190 | D:4      | Found Foader's Distillery.
  5437 | D:4      | Found Gimusor's Book Shop.
  5578 | D:4      | Found Juafumeudu's Antique Armour Emporium.
  5594 | D:4      | Identified the +0 glaive of Wabecak {elec, rPois rF+ rN+++
                  | Int-5}
  5792 | D:5      | Entered Level 5 of the Dungeon
  5921 | D:5      | Reached skill level 5 in Spellcasting
  5921 | D:5      | Reached XP level 7. HP: 24/50 MP: 7/18
  5942 | D:5      | Found Xuumiats's General Store.
  6116 | D:5      | Found a staircase to the Ecumenical Temple.
  6153 | D:5      | Found a sand-covered staircase.
  6162 | Ossuary  | Entered an ossuary
  7257 | Ossuary  | Reached XP level 8. HP: 50/57 MP: 12/20
  7567 | D:5      | Identified the +1 chain mail of the Land of Plenty {rF++
                  | Dex-2}
  8434 | D:4      | Bought a pair of buzzing boots for 285 gold pieces
  8434 | D:4      | Identified the +0 pair of boots "Alolus" {+Inv MP+9} (You
                  | bought it in a shop on level 4 of the Dungeon)
  8874 | D:6      | Reached skill level 1 in Translocations
  9501 | D:6      | Noticed a two-headed ogre
  9653 | D:6      | Killed a two-headed ogre
  9654 | D:6      | Reached XP level 9. HP: 45/62 MP: 12/22
  9775 | D:6      | Learned a level 5 spell: Iskenderun's Battlesphere
 10281 | D:7      | Found a runed translucent door.
 10282 | D:7      | Noticed Crazy Yiuf
 10523 | D:7      | Found Oczops's General Store.
 10590 | D:7      | Noticed Joseph
 10596 | D:7      | Killed Joseph
 10790 | D:7      | Noticed Menkaure
 10792 | D:7      | Killed Menkaure
 10993 | D:7      | Killed Crazy Yiuf
 11382 | D:8      | Noticed Prince Ribbit
 11392 | D:8      | Killed Prince Ribbit
 11653 | D:8      | Noticed Erica
 11658 | D:8      | Reached XP level 10. HP: 69/69 MP: 27/27
 11659 | D:8      | Killed Erica
 12174 | D:9      | Reached skill level 10 in Spellcasting
 12385 | D:9      | Found a staircase to the Lair.
 12405 | D:9      | Noticed a two-headed ogre
 12414 | D:9      | Killed a two-headed ogre
 12582 | D:9      | Noticed Harold
 12588 | D:9      | Killed Harold
 13009 | D:9      | Found a runed translucent door.
 13010 | D:9      | Noticed turdburglar's ghost (journeyman DsTm)
 13031 | D:9      | Killed turdburglar's ghost
 13162 | D:10     | Entered Level 10 of the Dungeon
 13313 | D:10     | Reached XP level 11. HP: 74/74 MP: 27/30
 13532 | D:10     | Noticed a two-headed ogre
 13540 | D:10     | Killed a two-headed ogre
 13753 | D:10     | Noticed a two-headed ogre
 13760 | D:10     | Killed a two-headed ogre
 13761 | D:10     | Reached skill level 10 in Conjurations
 14362 | D:11     | Noticed a two-headed ogre
 14374 | D:11     | HP: 2/74 [poisoned by a kobold brigand]
 14705 | D:11     | Noticed Nergalle
 14715 | D:11     | Killed Nergalle
 14884 | D:11     | Found Vanulecw's Antique Weapon Shop.
 14912 | D:11     | Killed a two-headed ogre
 15165 | D:11     | Found Zytoir's Magic Scroll Emporium.
 15394 | D:11     | Found Nubbobb's Magic Scroll Shop.
 15647 | D:11     | Found Zytoir's Magic Scroll Emporium.
 15748 | D:11     | Found Nubbobb's Magic Scroll Shop.
 15778 | D:11     | Found Vanulecw's Antique Weapon Shop.
 16026 | D:12     | Noticed a centaur warrior
 16027 | D:12     | Noticed a two-headed ogre
 16027 | D:12     | Noticed a two-headed ogre
 16029 | D:12     | Noticed a two-headed ogre
 16030 | D:12     | Noticed a boulder beetle
 16035 | D:12     | Noticed a two-headed ogre
 16036 | D:12     | Killed a two-headed ogre
 16037 | D:12     | Reached skill level 1 in Armour
 16073 | D:12     | Noticed Wiggles's ghost (journeyman MiBe)
 16113 | D:12     | Found a transporter.
 16325 | D:12     | Noticed a boulder beetle
 16367 | D:12     | Killed a boulder beetle
 16692 | D:12     | Noticed a two-headed ogre
 16697 | D:12     | Killed a two-headed ogre
 17004 | D:12     | Found a staircase to the Orcish Mines.
 17256 | D:12     | Reached XP level 12. HP: 81/81 MP: 31/31
 17549 | D:12     | Found a transporter.
 17838 | D:12     | Found a staircase to the Orcish Mines.
 17877 | D:12     | Found a transporter.
 17917 | D:12     | Found a transporter.
 18008 | D:12     | Noticed Sonja
 18019 | D:12     | Killed Sonja
 18020 | D:12     | Reached skill level 5 in Armour
 18553 | D:13     | Noticed a centaur warrior
 18557 | D:13     | Killed a centaur warrior
 18733 | D:13     | Noticed a centaur warrior
 18738 | D:13     | Killed a centaur warrior
 18809 | D:13     | Noticed a centaur warrior
 18822 | D:13     | Killed a centaur warrior
 19033 | D:13     | Noticed a five-headed hydra
 19038 | D:13     | Killed a five-headed hydra
 20001 | Lair:1   | Entered Level 1 of the Lair of Beasts
 20098 | Lair:1   | You fall into a shaft and drop 1 floor!
 20098 | Lair:2   | Found a staircase to the Snake Pit.
 21401 | Lair:2   | Learned a level 6 spell: Statue Form
 21408 | Lair:2   | Learned a level 5 spell: Iskenderun's Battlesphere
 21437 | Lair:3   | Noticed a four-headed hydra
 21443 | Lair:3   | Killed a four-headed hydra
 21444 | Lair:3   | Reached skill level 1 in Fighting
 21589 | Lair:3   | Noticed Nessos
 21609 | Lair:3   | HP: 2/85 [Nessos/arrow (15)]
 21609 | Lair:3   | Killed Nessos
 21647 | Lair:3   | Reached skill level 10 in Armour
 21883 | Lair:3   | Found a staircase to the Shoals.
 22049 | Lair:3   | Reached XP level 13. HP: 96/96 MP: 23/33
 22737 | Lair:1   | Reached skill level 5 in Fighting
 23214 | Lair:1   | Learned a level 4 spell: Manifold Assault
 23219 | Lair:1   | Learned a level 4 spell: Fulminant Prism
 23734 | Lair:1   | Identified the +1 morningstar of Fate {heavy, rC+ Stlth+}
 25974 | Lair:4   | Identified the +1 ring mail of Joy {Stlth+}
 26328 | Lair:5   | Entered Level 5 of the Lair of Beasts
 26656 | Lair:5   | Noticed Kirke
 26894 | Lair:5   | Killed Kirke
 27398 | Lair:5   | Found a staircase to the Slime Pits.
 28634 | Lair:5   | Reached XP level 14. HP: 113/113 MP: 36/36
 28674 | Lair:5   | Found a large runed translucent door.
 28675 | Lair:5   | Found a large runed translucent door.
 28684 | Lair:5   | Found the +10 morningstar "Eos" {elec, Halo rElec}
 29094 | Lair:5   | Found a staircase to the Slime Pits.
 29955 | D:14     | Noticed Urug
 29955 | D:14     | Found a gate to the Vaults.
 30152 | D:14     | Found a frozen archway.
 30182 | IceCv    | Entered an ice cave
 31250 | IceCv    | Noticed a golden dragon
 31315 | IceCv    | Killed a golden dragon
 31498 | IceCv    | Reached skill level 15 in Spellcasting
 31760 | IceCv    | Identified the amulet "Roat" {RegenMP rPois rC+ Str-3}
 32278 | D:14     | Killed Urug
 32545 | D:14     | Identified the +0 leather armour "Jymeseph" {rC+ Stlth+}
 32976 | D:14     | Found a gate to the Vaults.
 33365 | D:15     | Entered Level 15 of the Dungeon
 33378 | D:15     | Reached skill level 5 in Dodging
 34063 | D:15     | Found a staircase to the Depths.
 34877 | D:15     | Found a staircase to the Depths.
 35602 | Orc:1    | Entered Level 1 of the Orcish Mines
 35602 | Orc:1    | Noticed Erolcha
 35608 | Orc:1    | Killed Erolcha
 36040 | Orc:1    | Found Efegiy's Antique Armour Emporium.
 36234 | D:4      | Bought a manual of Dodging for 960 gold pieces
 36790 | Orc:2    | Entered Level 2 of the Orcish Mines
 37142 | Orc:2    | Found Ugedel's Firing Range.
 37179 | Orc:2    | Found Cudod's Armour Shoppe.
 37293 | Orc:2    | Reached skill level 10 in Dodging
 37341 | Orc:2    | Reached XP level 15. HP: 114/118 MP: 32/39
 37502 | Orc:2    | Found a staircase to the Elven Halls.
 37504 | Orc:2    | Found Vuuha's Jewellery Shoppe.
 37563 | Orc:2    | Paralysed by an ogre mage for 5 turns
 37689 | Orc:2    | Found Utoej's Magic Scroll Shop.
 37716 | Orc:2    | Found Ceramyul's Assorted Antiques.
 38177 | D:12     | Killed Wiggles's ghost
 38178 | D:12     | Reached skill level 1 in Earth Magic
 38438 | D:12     | Identified the quicksilver dragon scales of Bequeathed
                  | Creativity {rC++ rN+ Will+ Str-4 Int+2}
 38786 | Snake:1  | Entered Level 1 of the Snake Pit
 39032 | Snake:1  | Found Olorhia's Self-Improvement Boutique.
 39196 | Snake:1  | Reached skill level 1 in Transmutations
 39461 | Snake:1  | Noticed Azrael
 39476 | Snake:1  | HP: 5/118 [Azrael/damnation (22)]
 39480 | Snake:1  | Killed Azrael
 40104 | Snake:1  | Found Ceeddos's Book Boutique.
 40104 | Snake:1  | Found Zeek's Jewellery Shoppe.
 40105 | Snake:1  | Found Onuapp's Book Boutique.
 40120 | Snake:1  | Bought the ring "Petzici" {Fly rF+ rCorr Str-2 Int+4} for
                  | 658 gold pieces
 40274 | Snake:1  | Found Ceeddos's Book Boutique.
 40274 | Snake:1  | Found Zeek's Jewellery Shoppe.
 40275 | Snake:1  | Found Onuapp's Book Boutique.
 40587 | Snake:1  | Found Olorhia's Self-Improvement Boutique.
 40767 | Snake:2  | Reached skill level 5 in Transmutations
 40868 | Snake:2  | Reached skill level 1 in Shields
 41655 | Snake:2  | Reached skill level 5 in Shields
 43593 | Snake:3  | Identified 3 scrolls of acquirement
 43599 | Snake:3  | Acquired 646 gold pieces
 43603 | Snake:3  | Acquired the +3 Elemental Staff {rElec rF+ rC+ AC+3}
 43603 | Snake:3  | Found the +3 Elemental Staff {rElec rF+ rC+ AC+3}
 43609 | Snake:3  | Acquired the +3 crown of Dyrovepreva {rElec Int+2 SInv}
 43609 | Snake:3  | Found the +3 crown of Dyrovepreva {rElec Int+2 SInv}
 43662 | Snake:4  | Entered Level 4 of the Snake Pit
 43725 | Snake:4  | Noticed a nagaraja
 43736 | Snake:4  | Killed a nagaraja
 43737 | Snake:4  | Reached XP level 16. HP: 102/126 MP: 28/40
 44555 | Snake:4  | Identified the +0 leather armour "Axaob" {Will+ rCorr Dex+8
                  | Stlth-}
 45130 | Snake:4  | Reached skill level 5 in Earth Magic
 46090 | Snake:4  | Got a serpentine rune of Zot
 47178 | Snake:1  | Bought a manual of Armour for 1280 gold pieces
 47372 | Depths:1 | Entered Level 1 of the Depths
 47916 | Depths:1 | Identified the +0 whip "Ariletoe" {drain, *Noise rElec
                  | rCorr Int+5}
 48003 | Depths:1 | Reached XP level 17. HP: 136/136 MP: 8/41
 48784 | Depths:1 | Found a gateway to Hell.
 48825 | Depths:1 | Found a one-way gateway to a ziggurat.
 49097 | Depths:1 | Identified the +0 leather armour of the Kraken {Harm
                  | *Corrode rPois}
 49548 | Depths:1 | Noticed Saint Roka
 49567 | Depths:1 | Killed Saint Roka
 50394 | Depths:2 | Found a one-way gate leading to the halls of Pandemonium.
 50526 | Depths:2 | Identified the ring of Aluigu {Ice Str+5 Stlth+}
 50526 | Depths:2 | Noticed Josephina
 50616 | Depths:2 | Noticed the Enchantress
 50732 | Depths:2 | Reached skill level 15 in Dodging
 51550 | Depths:1 | Found a gateway to Hell.
 51555 | Depths:1 | Found a one-way gateway to a ziggurat.
 52060 | Depths:2 | Reached skill level 15 in Armour
 52060 | Depths:2 | Killed the Enchantress
 52264 | Depths:2 | Killed Josephina
 52800 | Depths:2 | Got the Folio of the Blinking Snowflakes
 53050 | Depths:2 | Reached XP level 18. HP: 110/144 MP: 40/42
 53279 | Depths:2 | Found a runed translucent gate.
 53279 | Depths:2 | Found a runed translucent gate.
 53279 | Depths:2 | Found a runed translucent gate.
 53279 | Depths:2 | You are sucked into a shaft and drop 2 floors!
 53279 | Depths:4 | Entered Level 4 of the Depths
 53290 | Depths:4 | HP: 7/144 [spriggan air mage/the air (9)]
 53290 | Depths:4 | Killed from afar by a fire dragon

Illustrated notes

Levels and vault maps discovered:
D:1:      dpeg_arrival_simpleton_b, layout_loops_corners, basic_ecumenical_altar
D:2:      layout_loops_cross, uniq_jessica
D:3:      layout_basic, minmay_misc_feat_hallway, minmay_diced_spiral
D:4:      layout_rooms, nzn_wu_jian_contemplation, mainiacjoe_overflow_chevrons,
          serial_shops, nicolae_shop_real_fake_doors, shop, shop,
          nicolae_shop_peninsula, gup_sewer_entry_glass
D:5:      layout_gridville, lemuel_temple_firewalk_a, serial_shops, shop,
          enter_ossuary_3
D:6:      minmay_chambers_of_fours, layout_basic
D:7:      layout_loops_ring, serial_shops, nicolae_stop_n_shop_2,
          uniq_crazy_yiuf_cottage, uniq_joseph, uniq_menkaure
D:8:      layout_basic, lemuel_coloured_pillars_altar,
          mainiacjoe_overflow_24_doors, marbit_many_paths,
          minmay_misc_feat_rows, kennysheep_generic_room_10,
          uniq_prince_ribbit1, uniq_erica
D:9:      layout_gridville, lair_entry_dummy, gammafunk_ghost_grave, uniq_harold
D:10:     layout_gridville, mainiacjoe_overflow_catwalk_spiral
D:11:     layout_long_grid, serial_shops, kennysheep_mini, shop,
          nicolae_shop_just_a_little_nook, cheibriados_altar_1, uniq_nergalle
D:12:     layout_irregular_city, zombieorc2_lemuel, nzn_ghost_randoct,
          uniq_sonja
D:13:     layout_loops_cross
D:14:     layout_basic, david_vaults_3, portal_ice_cave_entry_pillars_1,
          minivault_11, elyvilon_altar_5
D:15:     grunt_enter_depths_giant_problem, layout_long_grid, chequers_garden
Lair:1:   layout_cave_pods, minmay_lair_oklob_bushes,
          nicolae_lair_grove_arrangements, grunt_megastairs_5
Lair:2:   layout_chaotic_city, minmay_snake_entry_six_corridors, serial_forest,
          infiniplex_forest_end_2, infiniplex_forest_end_3,
          infiniplex_forest_lined_room_, infiniplex_forest_clump_cross,
          infiniplex_forest_lined_3_way
Lair:3:   layout_chaotic_city, nicolae_shoals_entry_roost, uniq_nessos
Lair:4:   layout_cave_pods
Lair:5:   cheibrodos_lair_end_hotspot, layout_gridlike,
          nicolae_slime_entry_field_trip, uniq_kirke
Snake:1:  layout_gridlike, nicolae_snake_snake_lake, nicolae_shop_self_help,
          minmay_shop_grove, lemuel_fruit_tree, uniq_azrael
Snake:2:  layout_misc_corridors
Snake:3:  layout_layer_cave
Snake:4:  johnstein_snake_rune_scales, layout_cave_town, grunt_megastairs_3
Orc:1:    layout_caves, basic_altar, serial_shops,
          nicolae_shop_advertising_works [nicolae_subvault_shop_adworks],
          mines1_david, uniq_erolcha
Orc:2:    st_orc_open, layout_diamond_mine, nicolae_shop_firing_range
Depths:1: layout_gridville, enter_ziggurat_b, hellmouth_3,
          nicolae_dithmenos_through_a_glass_darkly,
          hangedman_decor_clover_reticule, grunt_qazlal_clouds, uniq_saint_roka
Depths:2: abrahamwl_protected_by_tso_1, layout_small_grid,
          hangedman_decor_slide_cut, hellmouth_1,
          ploomutoo_gammafunk_ghost_potion_laboratory, pan_entry,
          uniq_enchantress, uniq_josephina
Depths:4: grunt_crosshair, layout_cave_pools, grunt_pan_entry_in_and_out,
          nrook_pool_corridor, abyss_entry_small_statue_room,
          pf_hell_entry_great_geh

Skill      XL: |  1  2  3  4  5  6  7  8  9 10 11 12 13 14 15 16 17 |
---------------+----------------------------------------------------+-----
Spellcasting   | 2 3 4 5 6 8 11 13 15 | 15.0
Conjurations   | 4 5 6 7 9 12 | 12.2
Translocations | 6 7 |  7.0
Armour         | 4 10 11 15 | 15.2
Fighting       | 4 7 8 |  8.9
Dodging        | 10 12 13 15 | 15.8
Earth Magic    | 4 7 |  7.2
Transmutations | 5 6 |  6.3
Shields        | 7 9 |  9.2
Stealth        | |  1.7

Action                     |  1- 3 |  4- 6 |  7- 9 | 10-12 | 13-15 | 16-18 || total
---------------------------+-------+-------+-------+-------+-------+-------++-------
  Melee: Unarmed           |     2 |       |       |       |       |       ||     2
         Staff             |       |     2 |     6 |    63 |     6 |     7 ||    84
         Punch             |       |       |       |     2 |       |       ||     2
         Morningstar       |       |       |       |       |     2 |       ||     2
   Cast: Magic Dart        |   100 |   193 |   199 |   372 |   841 |   718 ||  2423
         Searing Ray       |     1 |    15 |    51 |     2 |       |       ||    69
         Iskenderun's Myst |       |       |    15 |    88 |   325 |   326 ||   754
         Iskenderun's Batt |       |       |    11 |    81 |   168 |   133 ||   393
         Fulminant Prism   |       |       |       |       |    26 |    10 ||    36
  Evoke: Wand              |       |       |       |     1 |     1 |       ||     2
    Use: Potion            |       |     1 |       |    10 |    11 |       ||    22
         Scroll            |       |       |    10 |     8 |    18 |     3 ||    39
 Armour: Robe              |     4 |     2 |       |       |       |       ||     6
         Leather armour    |       |    18 |    16 |       |       |       ||    34
         Skin              |       |    10 |       |       |       |       ||    10
         Ring mail         |       |       |    10 |    10 |       |       ||    20
         Chain mail        |       |       |       |    26 |   118 |       ||   144
         Quicksilver drago |       |       |       |       |    58 |   145 ||   203
  Dodge: Dodged            |     9 |    41 |    54 |    55 |   339 |   249 ||   747
  Block: Other             |       |       |     9 |    30 |    34 |       ||    73
         Reflection        |       |       |       |    10 |       |       ||    10
         Kite shield       |       |       |       |       |    30 |   206 ||   236
